 Dungeon Crawl Stone Soup version 0.27.1 (webtiles) character file.

Game seed: 16955706532371777780

22 Destapler the Cudgeller (level 2, 0/25 HPs)
             Began as a Palentonga Monk on Aug 24, 2021.
             Was a Priest of Dithmenos.
             Slain by an adder (4 damage)
             ... on level 1 of the Dungeon.
             The game lasted 00:04:39 (1008 turns).

Destapler the Cudgeller (Palentonga Monk)           Turns: 1008, Time: 00:04:40

Health: 0/25       AC:  4    Str: 14    XL:     2   Next: 68%
Magic:  2/2        EV: 10    Int: 16    God:    Dithmenos [***...]
Gold:   39         SH:  0    Dex: 12    Spells: 1/1 levels left

rFire    + . .     SeeInvis +   a - +0 mace
rCold    . . .     Faith    .   (no shield)
rNeg     . . .     Spirit   .   b - +0 robe
rPois    .         Reflect  .   (no helmet)
rElec    .         Harm     .   (no cloak)
rCorr    .         Rampage  .   (no gloves)
Will     .....                  (no barding)
Stlth    ++........             (no amulet)
HPRegen  0.08/turn              d - +6 ring of intelligence
MPRegen  0.08/turn              g - ring of protection from fire

@: wreathed by umbra
A: large, rugged brown scales 3, see invisible, deformed body, roll 1, armoured
tail
a: Rolling Charge, Renounce Religion, Shadow Step


You were on level 1 of the Dungeon.
You worshipped Dithmenos.
Dithmenos was most pleased with you.
You visited 1 branch of the dungeon, and saw 2 of its levels.

You collected 39 gold pieces.

Inventory:

Hand Weapons
 a - a +0 mace (weapon)
Armour
 b - a +0 robe (worn)
Jewellery
 d - a +6 ring of intelligence (left hand)
 g - a ring of protection from fire (right hand)
Scrolls
 e - a scroll of identify {unknown}
 f - a scroll of enchant weapon {unknown}
Potions
 c - a potion of magic {unknown}
 h - a potion of might {unknown}
 i - a potion of attraction {unknown}


   Skills:
 + Level 3.3 Fighting
 + Level 3.3 Maces & Flails
 + Level 2.7 Dodging
 - Level 1.2 Stealth


You had one spell level left.
You didn't know any spells.
Your spell library was empty.

Dungeon Overview and Level Annotations

Branches:
Dungeon (2/15)

Altars:
Dithmenos

Shops:
D:1 !

Annotations:
D:2 Sigmund


Innate Abilities, Weirdness & Mutations

You are completely covered in rugged brown scales. (AC +3, +7% HP)
You have supernaturally acute eyesight. (SInv)
Armour fits poorly on your strangely shaped body.
You can roll at nearby foes to attack.
You have a long armoured tail.


Message History

You hit the adder.
The adder is moderately wounded.
The adder bites you.
You are poisoned.
The adder poisons you! The adder misses you.
You closely miss the adder.
The adder is moderately wounded.
You feel sick. The adder barely misses you.
You hit the adder.
The adder is heavily wounded.
You feel sick. The adder barely misses you. The adder closely misses you.
You barely miss the adder.
The adder is heavily wounded.
You feel sick. The adder barely misses you.
You hit the adder but do no damage.
The adder is heavily wounded.
You feel sick. The adder misses you. The adder bites you.
You are more poisoned.
The adder poisons you!
You feel sick. The adder closely misses you.
You climb upwards.
You feel sick.
There is a stone staircase leading down here.
You feel sick.
You feel sick. The adder bites you but does no damage.
You feel sick.
You feel sick.
You feel sick.
You are no longer poisoned.
You see here a +0 dagger.
You hit the adder.
The adder is severely wounded.
The adder bites you.
* * * LOW HITPOINT WARNING * * *
The adder bites you but does no damage.
You are too injured to fight recklessly!
The adder bites you.
* * * LOW HITPOINT WARNING * * *
Okay, then.
The adder bites you.
You die...

####################
#.........##.......# #####
#.........##.#####.#
#...####.#######.##.# #.#
#####.#......#######.##.#####.#
#.........##.......).......##.#
#.#.....#..#.##...##.##.##.##.#
#.#...#...#..#@S...#.##.......#
##...#...#...#.....##.#####.####
##..#...#...#...#...>..# #.....
..#...#...#...#...#..### #####.
#...#...#...#...#...#.# #.
..#...#...#...#...#...# #.
#...#...#...#...#...#.# #.
..#...#...#...#...#...# ### #.
#...#...#...#...#...#.## ##.###.


You could see an adder.

Vanquished Creatures
  A dart slug (D:1)
  2 ball pythons (D:1)
  3 endoplasms (D:1)
  A goblin (D:1)
  3 hobgoblins (D:1)
  A quokka (D:1)
  2 bats (D:1)
  2 frilled lizards (D:1)
  2 kobolds (D:1)
  A rat (D:1)
18 creatures vanquished.

Vanquished Creatures (others)
  11 demonic plants (D:1)
  6 plants (D:1)
  2 withered plants (D:1)
19 creatures vanquished.

Grand Total: 37 creatures vanquished

Notes
Turn   | Place    | Note
-------+----------+-------------------------------------------
     0 | D:1      | Destapler the Palentonga Monk began the quest for the Orb.
     0 | D:1      | Reached XP level 1. HP: 19/19 MP: 1/1
    56 | D:1      | Found a faded altar of an unknown god.
    64 | D:1      | Became a worshipper of Dithmenos the Shadowed
    64 | D:1      | Reached * piety under Dithmenos
    64 | D:1      | Reached ** piety under Dithmenos
   199 | D:1      | Reached XP level 2. HP: 25/25 MP: 2/2
   558 | D:1      | Reached *** piety under Dithmenos
   618 | D:1      | Found Kimiy's Distillery.
   989 | D:2      | Noticed Sigmund
  1008 | D:1      | Slain by an adder

Illustrated notes

Levels and vault maps discovered:
D:1:      heliophobic_arrival_ceremonial_halls, layout_loops_corners,
          shapermc_ecumenical_altar_gd, serial_shops, shop, nrook_loot_triangle,
          hex_large
D:2:      layout_basic, uniq_sigmund, uniq_crazy_yiuf_cottage

Action                   || total
-------------------------++-------
Melee: Mace              ||    74
       Tailslap          ||    12
 Abil: Rolling Charge    ||     7
 Stab: Sleeping          ||     1
Armor: Robe              ||    13
Dodge: Dodged            ||    29
